 Dungeon Crawl Stone Soup version 0.29.0-11-gd7f09526c8 (webtiles) character file.

Game seed: 8894971388194039712

13542 smilodon the Fighter (level 11, -9/81 HPs)
             Began as a Demonspawn Fighter on Sept 6, 2022.
             Was a Priest of Hepliaklqana.
             Mangled by a boulder beetle (20 damage)
             ... on level 13 of the Dungeon.
             The game lasted 00:31:38 (13346 turns).

smilodon the Fighter (Demonspawn Fighter)          Turns: 13346, Time: 00:31:39

Health: -9/81      AC: 13    Str: 24    XL:     11   Next: 77%
Magic:  16/16      EV: 14    Int: 14    God:    Hepliaklqana [***...]
Gold:   309        SH:  6    Dex: 15    Spells: 10/10 levels left

rFire   . . .      SeeInvis .   z - +3 trident (freeze)
rCold   . . .      Faith    +   c - +0 buckler
rNeg    . . .      Spirit   .   b - +0 scale mail
rPois   .          Reflect  .   (no helmet)
rElec   +          Harm     .   y - scarf {repulsion}
rCorr   .          Rampage  .   D - +0 pair of gloves
Will    +....                   (boots unavailable)
Stlth   ..........              v - amulet of faith
HPRegen 0.23/turn               d - +6 ring of intelligence
MPRegen 0.15/turn               l - +4 ring of protection

@: mighty, invisible, repel missiles
A: reduced essence, hooves 3, repulsion field 1, ignite blood 1, powered by
death 2, agile 1, strong-willed 1, electricity resistance, strong 1
a: Renounce Religion, Recall Ancestor, Ancestor Identity, Transference


You were on level 13 of the Dungeon.
You worshipped Hepliaklqana.
Hepliaklqana was most pleased with you.
You visited 2 branches of the dungeon, and saw 14 of its levels.

You collected 533 gold pieces.
You spent 224 gold pieces at shops.

Inventory:

Hand Weapons
 a - a +1 trident
 z - a +3 trident of freezing (weapon)
 A - a +4 trident
Missiles
 e - 45 poisoned darts
 k - 8 boomerangs
 m - 5 atropa-tipped darts
 E - a curare-tipped dart
 K - 2 throwing nets
Armour
 b - a +0 scale mail (worn)
 c - a +0 buckler (worn)
 o - a +2 pair of boots
 r - a scarf of resistance
 u - a scarf of shadows
 y - a scarf of repulsion (worn)
 D - a +0 pair of gloves (worn)
Magical Staves
 q - a staff of poison
Jewellery
 d - a +6 ring of intelligence (left hand)
 l - a +4 ring of protection (right hand)
 n - a ring of flight
 v - an amulet of faith (around neck)
 F - a ring of willpower
 I - a +4 ring of evasion
 L - a +6 ring of strength
 R - a ring of ice
Wands
 p - a wand of paralysis (4)
 M - a wand of polymorph (3)
 Q - a wand of flame (2)
Scrolls
 f - 2 scrolls of fog
 g - 2 scrolls of amnesia
 h - 4 scrolls of vulnerability
 j - 2 scrolls of magic mapping
 s - a scroll of poison
 w - a scroll of fear
 x - a scroll of enchant weapon
 B - 3 scrolls of immolation
 G - a scroll of noise
 P - 3 scrolls of teleportation
 T - a scroll of blinking
Potions
 i - a potion of flight
 t - 4 potions of curing
 C - 4 potions of brilliance
 J - 3 potions of degeneration
 U - a potion of berserk rage
 V - a potion of cancellation
Miscellaneous
 O - a condenser vane (inert)


   Skills:
 + Level 9.8 Fighting
 + Level 8.7 Polearms
 + Level 8.9 Armour
 + Level 5.8 Dodging
 - Level 6.5 Shields
 + Level 7.2 Invocations


You had 10 spell levels left.
You didn't know any spells.
Your spell library contained the following spells:

 Spells                   Type           Power      Damage    Failure   Level
 Foxfire                  Conj/Fire      0%         2x1d4     61%         1
 Slow                     Hex            0%         N/A       61%         1
 Scorch                   Fire           0%         2d5       75%         2
 Sublimation of Blood     Necr           0%         N/A       75%         2
 Wereblood                Tmut           0%         N/A       75%         2
 Confusing Touch          Hex            0%         N/A       93%         3
 Conjure Flame            Conj/Fire      0%         6-21      93%         3
 Inner Flame              Hex/Fire       0%         N/A       93%         3
 Vampiric Draining        Necr           0%         2d6       93%         3
 Flame Wave               Conj/Fire      0%         2d4       100%        4
 Petrify                  Tmut/Erth      0%         N/A       100%        4
 Metabolic Englaciation   Hex/Ice        0%         N/A       100%        5
 Statue Form              Tmut/Erth      0%         N/A       100%        6
 Summon Cactus Giant      Summ           0%         N/A       100%        6
 Summon Hydra             Summ           0%         N/A       100%        7


Dungeon Overview and Level Annotations

Branches:
Dungeon (13/15)            Temple (1/1) D:5            Lair (0/5) D:11
    Orc: D:9-12      Vaults: D:13-14

Altars:
Ashenzari
Cheibriados
Dithmenos
Fedhas
Hepliaklqana
Kikubaaqudgha
Makhleb
Nemelex Xobeh
Okawaru
Qazlal
Ru
Sif Muna
Trog
Uskayaw
Vehumet
Wu Jian
Xom
Yredelemnul

Shops:
D:7 *

Portals:
Trove: D:12 (give 18 potions of curing)

Annotations:
D:5 Brisketman's ghost, amateur TrBe


Innate Abilities, Weirdness & Mutations

Your life essence is reduced to manifest your ancestor. (-10% HP)
You have hooves in place of feet.
You are surrounded by a mild repulsion field. (EV +2)
Your demonic aura sometimes causes spilled blood to erupt in flames.
You regenerate health from kills.
You are agile. (Dex +4, Str/Int -1)
You are strong-willed. (Will+)
You are resistant to electric shocks. (rElec)
Your muscles are strong. (Str +4, Int/Dex -1)


Message History

The boulder beetle attacks as you move away!
The boulder beetle bites you but does no damage.
The boulder beetle attacks as you move away!
The boulder beetle misses you.
Alexander emerges from the mists of memory!
The vampire mumbles some strange words.
The vampire flickers and vanishes!
Deactivating autopickup; reactivate with Ctrl-A.
Alexander hits the boulder beetle but does no damage.
You hit the boulder beetle but do no damage.
You kick the boulder beetle!
The boulder beetle is lightly wounded.
The boulder beetle bites you!
Alexander hits the boulder beetle with a +0 flail!
You hit the boulder beetle. You freeze the boulder beetle.
The boulder beetle is moderately wounded.
The boulder beetle bites you!
Okay, then.
The boulder beetle attacks as you move away!
The boulder beetle bites you!
Alexander hits the boulder beetle with a +0 flail!
A gargoyle comes into view. It is wielding a +0 morningstar.
Okay, then.
You fade into invisibility!
The boulder beetle bites you!
* * * LOW HITPOINT WARNING * * *
Something hits you.
* * * LOW HITPOINT WARNING * * *
You block something's attack.
Okay, then.
You feel very mighty all of a sudden.
Alexander hits the boulder beetle with a +0 flail.
The boulder beetle misses you. Something hits you but does no damage.
Something bites you but does no damage.
The cyclops throws a large rock.
The large rock closely misses Alexander.
The large rock hits the boulder beetle!!
You miss something. You kick something!
Alexander hits the boulder beetle with a +0 flail!
The boulder beetle bites you!!
You die...

.○...R......# .
####....#####.. '...☼#
..... #..#E#.^....
#..#E'......
###...c#..##..
#....###..# #.##.# ... #.
#@# .... #. #B# ....
#.##R# .... ##....#######
#...........# #######
#.###C9...#.# #.....#
#.###.....#.# #.###.#
####...........####.# #.#
.....$..............###..


You could see the friendly Alexander the knight, a boulder beetle (unable to see
you, ally target), a cyclops (unable to see you) and a gargoyle (unable to see
you).

Vanquished Creatures
  A centaur warrior (D:12)
  4 two-headed ogres
  An ugly thing (D:9)
  3 cyclopes
  A deep elf pyromancer (D:13)
  A gargoyle (D:13)
  A komodo dragon (D:10)
  Psyche (D:8)
  2 trolls
  A wraith (D:11)
  5 yaks
  A steam dragon (D:6)
  A vampire mosquito (D:10)
  3 wargs (D:11)
  3 water moccasins
  2 orc warriors
  An ice beast (D:6)
  A centaur (D:12)
  2 phantoms
  7 bullfrogs
  4 kobold brigands
  2 gnoll sergeants
  A necrophage (D:6)
  19 wights
  4 killer bees (D:10)
  8 electric eels
  5 crimson imps (D:12)
  10 orc priests
  2 hounds
  2 iguanas
  6 orc wizards
  11 adders
  7 gnolls
  An ufetubus (D:5)
  A worm (D:10)
  3 dart slugs
  43 orcs
  6 ball pythons
  7 endoplasms
  5 giant cockroaches
  5 goblins
  6 hobgoblins
  2 quokkas
  5 bats
  2 frilled lizards
  19 kobolds
  12 rats
240 creatures vanquished.

Vanquished Creatures (collateral kills)
  A deep elf pyromancer (D:12)
  A manticore (D:12)
  An unseen horror (D:12)
  A water elemental (D:12)
  A vampire (D:12)
  A yak (D:10)
  An acid dragon (D:12)
  2 electric eels
  2 crimson imps (D:12)
  A gnoll (D:11)
  A shadow imp (D:12)
  A white imp (D:12)
  2 orcs (D:11)
16 creatures vanquished.

Vanquished Creatures (others)
  4 ancestors
  2 knights
  A kobold (D:10)
  55 plants (D:10)
62 creatures vanquished.

Grand Total: 318 creatures vanquished

Notes
Turn   | Place    | Note
-------+----------+-------------------------------------------
     0 | D:1      | smilodon the Demonspawn Fighter began the quest for the
                  | Orb.
     0 | D:1      | Reached XP level 1. HP: 18/18 MP: 1/1
   129 | D:1      | Gained mutation: You regenerate a little health from kills.
                  | [demonic ancestry]
   129 | D:1      | Reached XP level 2. HP: 4/24 MP: 2/2
   768 | D:1      | You fall into a shaft and drop 1 floor!
   798 | D:2      | Gained mutation: You have large cloven feet. [demonic
                  | ancestry]
   798 | D:2      | Reached XP level 3. HP: 26/29 MP: 3/3
   866 | D:2      | Gained mutation: Your system is resistant to poisons.
                  | (rPois) [potion of mutation]
   866 | D:2      | Gained mutation: Your body sometimes deteriorates upon
                  | taking damage. [potion of mutation]
   866 | D:2      | Gained mutation: Your muscles are strong. (Str +4, Int/Dex
                  | -1) [potion of mutation]
  1449 | D:3      | Found a faded altar of an unknown god.
  1650 | D:3      | Gained mutation: You have hoof-like feet. [demonic
                  | ancestry]
  1650 | D:3      | Reached XP level 4. HP: 36/36 MP: 4/4
  2309 | D:3      | Found a snail-covered altar of Cheibriados.
  2494 | D:5      | Entered Level 5 of the Dungeon
  2617 | D:5      | Noticed a phantom
  2628 | D:5      | Killed a phantom
  2629 | D:5      | Reached skill level 4 in Fighting
  2629 | D:5      | Reached XP level 5. HP: 42/42 MP: 5/5
  2664 | D:5      | Found a staircase to the Ecumenical Temple.
  2679 | Temple   | Entered the Ecumenical Temple
  3154 | D:5      | Found a runed translucent door.
  3154 | D:5      | Noticed Brisketman's ghost (amateur TrBe)
  3171 | D:5      | Reached XP level 6. HP: 42/49 MP: 6/6
  4182 | D:5      | Found a sparkling altar of Nemelex Xobeh.
  4365 | D:6      | Noticed a water moccasin
  4386 | D:6      | Killed a water moccasin
  4387 | D:6      | Gained mutation: You are surrounded by a mild repulsion
                  | field. (EV +2) [demonic ancestry]
  4387 | D:6      | Reached XP level 7. HP: 21/55 MP: 7/7
  4671 | D:6      | Reached skill level 5 in Fighting
  4848 | D:6      | Found a radiant altar of Vehumet.
  5090 | D:6      | Found an ornate altar of the Wu Jian Council.
  5103 | D:6      | Found a shimmering blue altar of Sif Muna.
  5147 | D:5      | Reached skill level 5 in Armour
  5291 | D:5      | Reached skill level 5 in Shields
  5291 | D:5      | Gained mutation: You regenerate health from kills. [demonic
                  | ancestry]
  5291 | D:5      | Reached XP level 8. HP: 48/59 MP: 8/8
  6190 | D:6      | Reached skill level 6 in Fighting
  6190 | D:6      | Reached skill level 5 in Polearms
  7376 | D:7      | Found Nauxurch's Assorted Antiques.
  7388 | D:7      | Bought a potion of mutation for 224 gold pieces
  7388 | D:7      | Lost mutation: Your body sometimes deteriorates upon taking
                  | damage. [potion of mutation]
  7388 | D:7      | Lost mutation: Your system is resistant to poisons. (rPois)
                  | [potion of mutation]
  7388 | D:7      | Gained mutation: You are agile. (Dex +4, Str/Int -1)
                  | [potion of mutation]
  7388 | D:7      | Gained mutation: You are resistant to electric shocks.
                  | (rElec) [potion of mutation]
  7388 | D:7      | Gained mutation: You have hooves in place of feet. [potion
                  | of mutation]
  7388 | D:7      | Gained mutation: You are strong-willed. (Will+) [potion of
                  | mutation]
  7805 | D:6      | Gained mutation: Your demonic aura sometimes causes spilled
                  | blood to erupt in flames. [demonic ancestry]
  7805 | D:6      | Reached XP level 9. HP: 69/71 MP: 9/9
  8545 | D:8      | Noticed Psyche
  8575 | D:8      | Killed Psyche
  8576 | D:8      | Reached skill level 7 in Fighting
  8693 | D:8      | Noticed a two-headed ogre
  8707 | D:8      | Killed a two-headed ogre
  8708 | D:8      | Reached skill level 1 in Dodging
  8990 | D:9      | Found a hazy altar of Hepliaklqana.
  8996 | D:9      | Noticed a brown ugly thing
  9005 | D:9      | Became a worshipper of Hepliaklqana the Forgotten
  9033 | D:9      | Killed a brown ugly thing
  9175 | D:9      | Reached XP level 10. HP: 80/80 MP: 10/10
  9394 | D:9      | Reached skill level 8 in Fighting
  9412 | D:9      | Reached skill level 1 in Invocations
  9875 | D:10     | Entered Level 10 of the Dungeon
  9875 | D:10     | Noticed a two-headed ogre
  9883 | D:10     | Killed a two-headed ogre
  9960 | D:10     | Noticed a two-headed ogre
  9971 | D:10     | Killed a two-headed ogre
 10307 | D:10     | Reached * piety under Hepliaklqana
 10312 | D:10     | Noticed a moth of wrath
 10315 | D:10     | Found a bloodstained altar of Trog.
 10371 | D:10     | Found a burning altar of Makhleb.
 10623 | D:10     | Noticed a two-headed ogre
 10632 | D:10     | Killed a two-headed ogre
 10710 | D:10     | Found a basalt altar of Yredelemnul.
 10722 | D:10     | Found a sacrificial altar of Ru.
 10722 | D:10     | Found a shimmering altar of Xom.
 10729 | D:10     | Found a hide-covered altar of Uskayaw.
 11017 | D:10     | Reached skill level 5 in Invocations
 11017 | D:10     | Reached XP level 11. HP: 76/78 MP: 14/14
 11032 | D:11     | Reached skill level 9 in Fighting
 11041 | D:11     | Reached ** piety under Hepliaklqana
 11042 | D:11     | Remembered your ancestor Alexander as a knight
 11333 | D:11     | Found a staircase to the Lair.
 11708 | D:12     | Found a portal to a secret trove of treasure.
 11747 | D:12     | Reached skill level 5 in Dodging
 12209 | D:12     | Noticed a centaur warrior
 12222 | D:12     | Killed a centaur warrior
 12451 | D:12     | Identified the +4 spear "Ninas" {antimagic, Will+}
 12456 | D:12     | Reached *** piety under Hepliaklqana
 12489 | D:12     | Noticed a deep elf pyromancer
 12493 | D:12     | Killed a deep elf pyromancer
 12930 | D:13     | Noticed a centaur warrior
 12934 | D:13     | Noticed a deep elf pyromancer
 12939 | D:13     | Noticed a centaur warrior
 13292 | D:13     | Killed a deep elf pyromancer
 13325 | D:13     | Noticed a boulder beetle
 13346 | D:13     | Mangled by a boulder beetle

Illustrated notes

Levels and vault maps discovered:
D:1:      dpeg_arrival_water_fire, layout_rooms, minmay_tetromino_i4
D:2:      layout_rooms
D:3:      layout_basic, lemuel_coloured_pillars_altar,
          chequers_ecumenical_altar_simple_redux, hex_tiny,
          minmay_misc_feat_alley
D:4:      minmay_diamond_boxcup, layout_rooms
D:5:      layout_basic, overflow_temple_1_default, mainiacjoe_overflow_brackets,
          marbit_many_paths, minmay_temple_entry_ruins, ebering_ghost_sewer_d,
          minmay_misc_feat_tiny, item_on_display_a
D:6:      layout_layer_cave, fiery_altar_vehumet, overflow_temple_1_default,
          amcnicky_altar_gilded, kennysheep_generic_room_5
D:7:      layout_rooms, serial_shops, shop_statue
D:8:      layout_basic, uniq_psyche
D:9:      layout_irregular_city, mainiacjoe_overflow_concentric_impassable
D:10:     layout_irregular_city, lemuel_round_altar, lemuel_doored_altar,
          nicolae_overflow_hallway_of_the_gods, tgw_trog, david_orc_2,
          serial_bayou, serial_bayou_crossing, serial_bayou_pond_a,
          serial_bayou_pond_d, serial_bayou_ford_a, serial_bayou_lagoon_a,
          serial_bayou_pond_d
D:11:     layout_rooms, erik_lair_orcish_takeover, fungi_pond_lemuel
D:12:     layout_basic, enter_trove_0, minmay_nine_imps
D:13:     layout_stronghold, skrybe_vaults_entry_preservation, st_stairs_4,
          lightli_minifort, uniq_snorg
Temple:   nicolae_temple_bog_church

Skill      XL: |  1  2  3  4  5  6  7  8  9 10 11 |
---------------+----------------------------------+-----
Polearms       | 2 3 4 5 6 7 8 |  8.7
Armour         | 3 4 5 6 7 8 |  8.9
Shields        | 3 4 5 6 |  6.5
Fighting       | 4 5 6 7 8 9 |  9.8
Dodging        | 2 4 5 |  5.8
Invocations    | 5 7 |  7.2

Action                   |  1- 3 |  4- 6 |  7- 9 | 10-12 || total
-------------------------+-------+-------+-------+-------++-------
Melee: Trident           |   112 |   279 |   258 |   318 ||   967
       Kick              |     5 |     7 |    18 |    74 ||   104
Throw: Dart              |       |     5 |     7 |     2 ||    14
Invok: Ancestor Identity |       |       |       |     1 ||     1
       Recall Ancestor   |       |       |       |     2 ||     2
       Ancestor Life: Kn |       |       |       |     1 ||     1
Evoke: Wand              |       |     6 |    10 |    12 ||    28
       Condenser vane    |       |       |       |     1 ||     1
  Use: Potion            |     4 |     7 |     1 |     5 ||    17
       Scroll            |     5 |     4 |     6 |     6 ||    21
 Stab: Paralysed         |       |     8 |     7 |       ||    15
       Distracted        |       |       |       |     1 ||     1
Armor: Scale mail        |    50 |   134 |   127 |    78 ||   389
Dodge: Dodged            |    31 |    96 |   112 |   186 ||   425
       Repelled          |       |       |       |     2 ||     2
Block: Buckler           |    22 |    41 |    64 |    88 ||   215
